 Dungeon Crawl Stone Soup version 0.29-a0-375-g5102b3be25 (webtiles) character file.

Game seed: 4312897326997372138

133 purpskrrrp the Skirmisher (level 5, 0/46 HPs)
             Began as a Ghoul Fighter on May 4, 2022.
             Was a Priest of Jiyva.
             Slain by an ogre
             ... wielding a +0 giant club
              (3 damage)
             ... on level 4 of the Dungeon.
             The game lasted 00:19:04 (2787 turns).

purpskrrrp the Skirmisher (Ghoul Fighter)           Turns: 2787, Time: 00:19:04

Health: 0/46       AC: 12    Str: 27 (28) XL:     5   Next: 16%
Magic:  4/4        EV:  9    Int:  3      God:    Jiyva [***...]
Gold:   141        SH:  3    Dex:  5 (8)  Spells: 4/4 levels left

rFire   . . .      SeeInvis .   a - +1 trident
rCold   + . .      Faith    .   c - +0 buckler
rNeg    + + +      Spirit   .   b - +1 scale mail
rPois   ∞          Reflect  .   p - +1 helmet
rElec   .          Harm     .   u - +0 cloak
rCorr   +          Rampage  .   (no gloves)
Will    .....                   q - +0 pair of boots
Stlth   ..........              (no amulet)
HPRegen 1.12/turn               f - +6 ring of strength
MPRegen 0.44/turn               (no ring)

@: inhibited regen
A: claws 1, cold resistance 1, negative energy resistance 3, inhibited
regeneration, torment resistance 2, devour on kill
a: Renounce Religion, Oozemancy


You were on level 4 of the Dungeon.
You worshipped Jiyva.
Jiyva was most pleased with you.
You visited 1 branch of the dungeon, and saw 4 of its levels.

You collected 141 gold pieces.

Inventory:

Hand Weapons
 a - a +1 trident (weapon)
 i - a +0 mace
 v - a +0 halberd of flaming
Armour
 b - a +1 scale mail (worn)
 c - a +0 buckler (worn)
 o - the -4 pair of gloves of Death's Door {Harm SInv}
   (You found it on level 2 of the Dungeon)

   SInv:      It lets you see invisible.
   Harm:      It increases damage dealt and taken.
 p - a +1 helmet (worn)
 q - a +0 pair of boots (worn)
 u - a +0 cloak (worn)
Jewellery
 f - a +6 ring of strength (left claw)
 w - an amulet of reflection
Wands
 s - a wand of paralysis (4)
Scrolls
 h - a scroll of teleportation {unknown}
 k - 2 scrolls of torment {unknown}
 l - 3 scrolls of fear {unknown}
 n - a scroll of identify
 t - a scroll of immolation
Potions
 d - 2 potions of might
 e - 2 potions of flight
 g - a potion of mutation {unknown}
 j - a potion of resistance {unknown}
 r - a potion of invisibility {unknown}


   Skills:
 + Level 4.0 Fighting
 + Level 3.1 Polearms
 + Level 3.5 Armour
 + Level 0.3 Dodging
 + Level 3.1 Shields


You had 4 spell levels left.
You didn't know any spells.
Your spell library contained the following spells:

 Spells                   Type           Power      Damage    Failure   Level
 Conjure Flame            Conj/Fire      0%         6-21      99%         3
 Gell's Gravitas          Tloc           0%         N/A       99%         3
 Ignite Poison            Fire/Tmut/Pois 0%         N/A       99%         3
 Teleport Other           Tloc           0%         N/A       99%         3
 Sticky Flame             Conj/Fire      0%         2d3       100%        4
 Dispersal                Tloc           0%         N/A       100%        6


Dungeon Overview and Level Annotations

Branches:
Dungeon (4/15)
 Temple: D:4-7

Altars:
Jiyva


Innate Abilities, Weirdness & Mutations

You are immune to poison.
You have sharp fingernails.
Your flesh is cold resistant. (rC+)
You are immune to negative energy. (rN+++)
You do not regenerate when monsters are visible.
You are immune to unholy pain and torment.
You thrive by killing the living.


Message History

A hobgoblin is nearby!
You hit the hobgoblin.
The hobgoblin is severely wounded.
The hobgoblin hits you but does no damage.
You barely miss the hobgoblin.
The hobgoblin is severely wounded.
You block the hobgoblin's attack.
You barely miss the hobgoblin.
The hobgoblin is severely wounded.
The hobgoblin hits you.
You puncture the hobgoblin!
You kill the hobgoblin!
You feel better.
Found a stone staircase leading up.
You now have 141 gold pieces (gained 5).
Found a leather armour.
You hear a distant slurping noise.
An ogre comes into view. It is wielding a +0 giant club.
The ogre shouts!
You puncture the ogre!
The ogre is moderately wounded.
The ogre hits you with a +0 giant club!
You hit the ogre.
The ogre is heavily wounded.
The ogre hits you with a +0 giant club.
You barely miss the ogre.
The ogre is heavily wounded.
The ogre hits you with a +0 giant club!!
Ouch! That really hurt!
* * * LOW HITPOINT WARNING * * *
You puncture the ogre!
The ogre is severely wounded.
The ogre completely misses you.
You hit the ogre.
The ogre is almost dead.
You feel better.
The ogre hits you with a +0 giant club!!
* * * LOW HITPOINT WARNING * * *
The ogre attacks as you move away! The ogre hits you with a +0 giant club.
You die...

#.....#.#.....# #.
#.......####### ##
#.#....## # #.#.#..### #
. #........# #######
..#######.#.>..###.....#
................##.....#
.......................#
.......O@.......##.....#
..#######......###[....#
#......# #######
##.##### #.# ########
#.# ### #......#
#.###.###.####.#
#......##.####.#
#####...........


You could see an ogre.

Vanquished Creatures
  4 adders
  4 gnolls (D:3)
  2 worms (D:2)
  2 orcs (D:3)
  7 ball pythons
  An endoplasm (D:1)
  2 giant cockroaches
  6 goblins
  6 hobgoblins
  8 bats
  5 frilled lizards
  4 kobolds
  3 rats (D:1)
54 creatures vanquished.

Vanquished Creatures (others)
  A jelly (D:2)
  A worm (D:3)
  2 endoplasms (D:2)
  An orc (D:4)
  A giant cockroach (D:2)
  2 goblins
  A hobgoblin (D:2)
  A kobold (D:1)
10 creatures vanquished.

Grand Total: 64 creatures vanquished

Notes
Turn   | Place    | Note
-------+----------+-------------------------------------------
     0 | D:1      | purpskrrrp the Ghoul Fighter began the quest for the Orb.
     0 | D:1      | Reached XP level 1. HP: 19/19 MP: 0/0
   208 | D:1      | Found a faded altar of an unknown god.
   224 | D:1      | Reached XP level 2. HP: 26/26 MP: 1/1
   236 | D:1      | Prayed at the altar of an unknown god.
   236 | D:1      | Became a worshipper of Jiyva Jami the Shapeless
   236 | D:1      | Reached * piety under Jiyva
   997 | D:2      | Reached XP level 3. HP: 33/33 MP: 2/2
   997 | D:2      | Reached ** piety under Jiyva
  1357 | D:2      | Reached XP level 4. HP: 39/40 MP: 3/3
  1586 | D:2      | Identified the -4 pair of gloves of Death's Door {Harm
                  | SInv}
  2131 | D:3      | Reached *** piety under Jiyva
  2529 | D:3      | Reached XP level 5. HP: 25/46 MP: 4/4
  2536 | D:3      | Reached skill level 4 in Fighting
  2777 | D:4      | Noticed an ogre
  2785 | D:4      | HP: 1/46 [ogre/+0 giant club (18)]
  2787 | D:4      | Slain by an ogre

Illustrated notes

Levels and vault maps discovered:
D:1:      dpeg_arrival_subterranean_lakeside_camping, layout_loops_ring,
          shapermc_ecumenical_altar_mp_highgroup, chequers_serial_rivers_micro_c
D:2:      layout_basic, hangedman_feature_mirror, due_unseen_surprise
D:3:      layout_basic, nicolae_concentric_dashed_squares_mild
D:4:      layout_loops_cross, temple_statues

Skill      XL: |  1  2  3  4  5 |
---------------+----------------+-----
Shields        | 3 |  3.1
Armour         | 3 |  3.5
Polearms       | 2 3 |  3.1
Fighting       | 4 |  4.0
Dodging        | |  0.3

Action                   |  1- 3 |  4- 6 || total
-------------------------+-------+-------++-------
Melee: Trident           |   132 |    86 ||   218
  Use: Scroll            |     2 |     3 ||     5
       Potion            |       |     5 ||     5
Armor: Scale mail        |    75 |    16 ||    91
Dodge: Dodged            |    72 |    28 ||   100
Block: Buckler           |    35 |     9 ||    44

Table legend: (Time is in decaauts)
 A = Elapsed time spent in this place.
 B = Non-inter-level travel time spent in this place.
 C = Inter-level travel time spent in this place.
 D = Time resting spent in this place.
 E = Time spent auto-exploring this place.
 F = Levels seen in this place.
 G = Mean time per level.
                   A        B        C        D        E       F      G
               +--------+--------+--------+--------+--------+-----+--------+
         Total |   2834 |   2417 |    417 |    125 |   1703 |   4 |  708.5 |
       Dungeon |   2834 |   2417 |    417 |    125 |   1703 |   4 |  708.5 |
               +--------+--------+--------+--------+--------+-----+--------+

Top non-repeatable levels by time:
     D:1: 991 daAuts
     D:2: 908 daAuts
     D:3: 792 daAuts
     D:4: 142 daAuts
